 Dungeon Crawl Stone Soup version 0.14-a0-805-gc239e29 (webtiles) character file.

233 MackTheKnife the Cudgeler (level 6, 0/43 HPs)
             Began as a Formicid Fighter on Nov 11, 2013.
             Slain by a worm (6 damage)
             ... on Level 3 of the Dungeon.
             The game lasted 00:05:01 (2345 turns).

MackTheKnife the Cudgeler (Formicid Fighter)        Turns: 2345, Time: 00:05:02

HP   0/43        AC  9     Str 21      XL: 6   Next:  8%
MP   5/5         EV  6     Int  7      God:
Gold 63          SH 18     Dex 12      Spells:  0 memorised,  5 levels left

Res.Fire  : . . .   See Invis. : +   a - +0 mace
Res.Cold  : . . .   Warding    : .   e - +2 scale mail
Life Prot.: . . .   Conserve   : .   c - +0 shield
Res.Poison: x       Res.Corr.  : .   (helmet unavailable)
Res.Elec. : .       Clarity    : .   (no cloak)
Sust.Abil.: . .     Spirit.Shd : .   (no gloves)
Res.Mut.  : .       Stasis     : +   (no boots)
Res.Rott. : .       Flight     : .   (no amulet)
Saprovore : . . .                    (no ring)
                                     (no ring)

@: quite poisoned, slightly resistant to hostile enchantments, extremely
unstealthy
A: permanent stasis, dig shafts and tunnels, four strong arms, poison weakness,
antennae 3, exoskeleton 1
a: Dig, Shaft Self


You were on level 3 of the Dungeon.
You were not hungry.

You visited 1 branch of the dungeon, and saw 3 of its levels.

You collected 63 gold pieces.


Innate Abilities, Weirdness & Mutations

Your are under a permanent stasis effect.
You can dig through walls and to a lower floor.
Your four strong arms can wield any weapon, most with a shield.
You are susceptible to poison.
You have a pair of large antennae on your head (SInv).
Your body is surrounded by an exoskeleton. (HP +5, AC +1)


   Skills:
 - Level 3.0 Fighting
 + Level 5.5 Maces & Flails
 - Level 3.6 Armour
 - Level 3.0 Shields


You had 5 spell levels left.
You didn't know any spells.

Inventory:

Hand weapons
 a - a +0,+0 mace (weapon)
 m - a +1 blowgun
Missiles
 l - 3 curare-tipped needles
 n - 11 poisoned needles
Armour
 c - a +0 shield (worn)
 e - a +2 scale mail (worn)
 j - a +0 cloak
 o - a +0 chain mail of fire resistance
Comestibles
 d - 3 bread rations
Scrolls
 b - 2 scrolls of identify {unknown}
 f - a scroll of remove curse {unknown}
 h - a scroll of curse weapon {unknown}
 i - a scroll of enchant weapon II {unknown}
Potions
 g - a potion of might {unknown}
 k - a potion of restore abilities {unknown}

··▒ ▒···▒ ≈ ▒···▒ P♣
▒···▒ ♣·▒▒
▒▒▒▒▒···▒▒▒▒▒·▒ ···
▒··············▒ ··▒
········)······ ▒·▒
▒··············▒ ▒·▒
▒·wa▒ ▒p▒ ▒···▒ ▒·▒
▒···▒ ▒{▒ ▒···▒ ▒{▒
▒···▒ ▒·▒▒▒▒▒▒▒ ▒▒·▒▒
▒·%··)··▒ ▒·▒
·····▒▒▒··▒ ▒▒·▒▒▒▒▒▒
▒▒▒··▒▒▒··▒▒▒▒·······▒


You could see a worm.


Message History

* * * LOW HITPOINT WARNING * * *
You closely miss the adder.
The adder is almost dead.
* * * LOW HITPOINT WARNING * * *
You feel sick. The adder bites you but does no damage. The worm bites you.
* * * LOW HITPOINT WARNING * * *
The adder barely misses you.
Unknown command.
You barely miss the adder.
The adder is almost dead.
* * * LOW HITPOINT WARNING * * *
You feel sick. You block the adder's attack.
You closely miss the adder.
The adder is almost dead.
* * * LOW HITPOINT WARNING * * *
You feel sick. You block the adder's attack. The worm barely misses you.
The adder bites you but does no damage.
Your shield and scale mail prevent you from hitting the adder.
The adder is almost dead.
* * * LOW HITPOINT WARNING * * *
You feel sick. The adder bites you but does no damage. The worm bites you.
* * * LOW HITPOINT WARNING * * *
Unknown command.
You hit the adder.
You kill the adder!
* * * LOW HITPOINT WARNING * * *
You feel sick.
* * * LOW HITPOINT WARNING * * *
You feel sick. The worm bites you.
You die...

Action                   |  1- 3 |  4- 6 || total
-------------------------+-------+-------++-------
Melee: Mace              |    89 |   163 ||   252
  Use: Potion            |       |     1 ||     1

Vault maps used:
D:1:      lemuel_entry_river_ford
D:2:      infiniplex_staircase_pool_2, first_bread, minivault_24,
          minmay_misc_feat_five
D:3:      hangedman_abyss_or_decor_stabs, serial_bayou_ford_a

Notes
Turn   | Place    | Note
--------------------------------------------------------------
     0 | D:1      | MackTheKnife, the Formicid Fighter, began the quest for the Orb.
     0 | D:1      | Reached XP level 1. HP: 19/19 MP: 0/0
   221 | D:1      | Reached XP level 2. HP: 24/24 MP: 1/1
   763 | D:2      | Reached skill level 3 in Maces & Flails
   768 | D:2      | Reached XP level 3. HP: 27/29 MP: 2/2
  1094 | D:2      | Reached XP level 4. HP: 27/33 MP: 3/3
  1205 | D:2      | Reached skill level 4 in Maces & Flails
  1364 | D:2      | Reached XP level 5. HP: 33/37 MP: 4/4
  1884 | D:3      | Reached skill level 5 in Maces & Flails
  1907 | D:3      | Noticed Impy's ghost (average DsDK)
  2135 | D:3      | Killed Impy's ghost
  2251 | D:3      | Reached XP level 6. HP: 40/43 MP: 5/5
  2345 | D:3      | Slain by a worm

Vanquished Creatures
  The ghost of Impy the Traitor, an average DsDK of Yredelemnul (D:3)
  7 adders
  A giant mite (D:2)
  A worm (D:2)
  A giant gecko (D:1)
  3 orcs (D:3)
  2 bats (D:2)
  3 giant cockroaches
  7 goblins
  4 hobgoblins
  9 jackals
  3 quokkas
  3 giant newts
  7 kobolds
  5 rats
57 creatures vanquished.
